Map: Imperio eterno EE

Players

Udderball

  • Race: Terran Terran
  • League: Gold
  • Spawn Location: 7:00

MrFercho - Winner!

  • Race: Zerg Zerg
  • League: Gold
  • Spawn Location: 1:00

VOD

Have the link to the VOD?

Description

Time

  • Played on: Aug. 18, 2020, 9:30 p.m.
  • Length: 18:49
Show
View Real Time Build Order
Export as new Build Order

Udderball Terran 

Build Orders: 1/1/1, Liberator Opening 

Get SALT Encoding   

  12  0:01  SCV  
  13  0:13  SCV  
  14  0:18  Supply Depot  
  14  0:25  Refinery  
  14  0:28  SCV  
  15  0:41  Barracks  
  15  0:46  SCV  
  16  0:55  Refinery  
  16  0:58  SCV  
  17  1:10  SCV  
  18  1:22  SCV  
  19  1:31  Marine, Factory  
  20  1:41  Supply Depot  
  20  1:43  SCV  
  21  1:55  SCV  
  22  2:07  SCV  
  23  2:17  Starport  
  23  2:18  Factory Tech Lab  
  23  2:19  SCV  
  24  2:28  Supply Depot  
  24  2:31  SCV  
  25  2:37  Siege Tank  
  28  2:53  Liberator  
  31  3:07  Orbital Command, Fusion Core  
  31  3:38  Starport Tech Lab  
  31  3:50  Command Center  
  31  4:06  Refinery  
  31  4:10  Battlecruiser  
  37  4:37  Refinery  
  37  4:54  SCV  
  38  5:04  Orbital Command  
  38  5:06  SCV  
  39  5:13  Starport  
  39  5:14  Battlecruiser  
  45  5:30  Command Center  
  45  5:38  Armory  
  45  5:43  SCV  
  45  5:44  Armory  
  46  5:50  Starport Tech Lab  
  46  5:55  SCV  
  47  6:00  SCV, Engineering Bay  
  48  6:21  Battlecruiser  
  54  6:42  SCV  
  55  7:00  Orbital Command  
  55  7:03  Terran Ship Weapons Level 1  
  55  7:04  Battlecruiser  
  55  7:05  Terran Vehicle And Ship Armor Level 1  
  61  7:17  Missile Turret  
  61  7:18  SCV  
  62  7:30  SCV  
  54  7:46  Siege Tank  
  54  7:51  Battlecruiser  
  63  8:05  Missile Turret  
  63  8:08  Battlecruiser  
  63  8:10  Supply Depot  
  63  8:11  SCV  
  70  8:21  SCV  
  70  8:24  SCV  
  72  8:39  Starport  
  72  8:40  Supply Depot  
  72  8:41  Weapon Refit  
  72  8:50  SCV, Refinery  
  72  8:55  Battlecruiser  
  79  9:02  SCV  
  80  9:05  Refinery  
  80  9:08  Terran Ship Weapons Level 2  
  80  9:23  Terran Vehicle And Ship Armor Level 2  
  80  9:27  SCV  
  81  9:39  SCV  
  81  9:42  Starport Reactor  
  81  9:43  Supply Depot  
  82  9:51  SCV  
  83  9:59  Missile Turret  
  83  10:01  Battlecruiser  
  83  10:03  Siege Tank  
  83  10:06  SCV  
  93  10:16  Supply Depot  
  93  10:18  SCV  
  93  10:19  Battlecruiser  
  100  10:30  SCV x2  
  100  10:33  Missile Turret, Hi-Sec Auto Tracking  
  102  10:42  SCV  
  103  10:47  Orbital Command  
  96  11:03  Liberator x2  
  97  11:15  SCV  
  98  11:21  Battlecruiser  
  104  11:26  Terran Ship Weapons Level 3  
  104  11:27  SCV  
  105  11:43  Terran Vehicle And Ship Armor Level 3  
  105  11:52  Siege Tank  
  108  12:02  SCV  
  109  12:14  SCV  
  110  12:16  Missile Turret  
  110  12:25  Supply Depot  
  110  12:26  Battlecruiser  
  110  12:27  SCV  
  117  12:33  Battlecruiser  
  117  12:35  Armory  
  123  12:39  SCV  
  123  12:43  Missile Turret  
  124  12:51  SCV  
  125  13:03  SCV  
  126  13:10  Command Center  
  126  13:11  Siege Tank  
  129  13:13  Starport  
  129  13:29  Missile Turret  
  129  13:30  Terran Vehicle Weapons Level 1  
  129  13:31  Neosteel Armor  
  129  13:37  Battlecruiser  
  135  13:48  Supply Depot  
  135  13:49  Battlecruiser  
  135  13:53  Starport Tech Lab  
  141  14:07  Missile Turret  
  141  14:16  Supply Depot  
  141  14:23  Siege Tank  
  141  14:24  Sensor Tower  
  144  14:25  Planetary Fortress  
  144  14:31  Missile Turret  
  144  14:35  Missile Turret  
  144  14:42  Battlecruiser  
  150  14:56  Battlecruiser  
  156  15:04  Missile Turret  
  156  15:24  Orbital Command  
  147  15:35  Battlecruiser  
  147  15:36  Siege Tank  
  149  15:53  SCV  
  150  15:58  Refinery  
  150  16:04  Terran Vehicle Weapons Level 2  
  150  16:05  SCV  
  151  16:17  SCV  
  128  16:26  Liberator x2  
  86  16:52  Missile Turret  
  86  16:55  Missile Turret  
  86  17:02  Siege Tank  
  89  17:09  Liberator x2  
  95  17:18  Barracks Reactor  
  95  17:29  Missile Turret  
  95  17:38  Battlecruiser  
  101  17:49  Siege Tank  
  46  18:30  Command Center  
  46  18:32  Missile Turret  
Show
View Real Time Build Order
Export as new Build Order

MrFercho Zerg - Winner!

Build Orders: Hatch First 

Get SALT Encoding   

  12  0:00  Drone  
  13  0:12  Overlord  
  13  0:17  Drone  
  14  0:31  Drone x2  
  16  0:50  Hatchery  
  16  0:54  Drone  
  16  0:57  Drone  
  16  1:01  Drone  
  18  1:11  Extractor  
  17  1:19  Spawning Pool  
  17  1:21  Drone  
  17  1:24  Drone  
  18  1:29  Drone  
  19  1:47  Drone  
  19  1:51  Overlord  
  20  2:07  Queen x2  
  24  2:08  Zergling x2  
  24  2:09  Zergling x2  
  26  2:20  Drone x2  
  28  2:31  Drone x2  
  30  2:37  Drone x2  
  32  3:07  Overlord  
  32  3:08  Overlord x2  
  32  3:18  Metabolic Boost  
  32  3:19  Lair  
  32  3:24  Drone  
  32  3:25  Drone x3  
  36  3:28  Drone  
  37  3:45  Drone x3  
  37  3:47  Queen  
  42  4:07  Spore Crawler  
  41  4:16  Drone x7  
  48  4:17  Baneling Nest  
  48  4:19  Extractor  
  48  4:20  Extractor  
  38  4:45  Spore Crawler  
  37  4:54  Drone  
  37  4:55  Drone x3  
  37  4:56  Spore Crawler, Drone x2  
  42  5:00  Zergling x12  
  42  5:01  Centrifical Hooks  
  42  5:02  Evolution Chamber  
  42  5:06  Queen  
  49  5:08  Drone x2  
  51  5:14  Hydralisk Den  
  50  5:23  Overseer  
  50  5:27  Drone x2  
  52  5:28  Overlord x2  
  52  5:29  Overlord  
  52  5:38  Zerg Missile Weapons Level 1  
  52  5:46  Queen  
  54  5:52  Drone x4  
  54  5:55  Overlord, Extractor  
  57  5:58  Overseer  
  57  6:00  Overseer  
  57  6:27  Hydralisk x4  
  65  6:41  Hydralisk x2  
  69  6:49  Spore Crawler  
  68  7:05  Overlord x3  
  68  7:17  Drone x8  
  76  7:33  Hatchery  
  76  7:36  Zergling x2  
  74  7:37  Hydralisk x7  
  74  7:41  Hatchery  
  85  7:48  Drone x5  
  90  7:51  Grooved Spines  
  90  7:55  Extractor  
  89  8:27  Zerg Missile Weapons Level 2  
  89  8:32  Evolution Chamber  
  88  8:37  Overlord x2  
  88  8:38  Overlord  
  88  8:42  Drone x11  
  88  8:45  Zergling x8  
  103  9:03  Muscular Augments  
  103  9:12  Pneumatized Carapace  
  103  9:18  Hydralisk  
  103  9:19  Hydralisk x7  
  119  9:28  Hatchery  
  118  9:38  Zergling x28  
  131  9:41  Baneling x7  
  132  9:54  Extractor  
  132  9:56  Lair  
  132  9:57  Extractor  
  132  9:58  Spore Crawler  
  132  9:59  Drone x3  
  132  10:00  Drone x3  
  132  10:01  Drone  
  132  10:03  Overlord x3  
  136  10:43  Drone x9  
  136  10:44  Drone x9  
  154  10:50  Overlord  
  154  10:55  Zerg Melee Weapons Level 1  
  149  10:58  Queen  
  138  11:04  Extractor  
  138  11:05  Extractor  
  131  11:13  Infestation Pit  
  131  11:15  Spire  
  129  11:23  Lurker Den  
  128  11:29  Hydralisk x2  
  128  11:30  Hydralisk x12  
  156  11:43  Queen  
  158  11:50  Hive  
  158  11:57  Zerg Ground Armor Level 1  
  158  12:11  Overlord x3  
  158  12:12  Overlord  
  158  12:20  Burrow  
  158  12:25  Neural Parasite  
  158  13:00  Overlord x3  
  158  13:04  Hatchery  
  157  13:09  Overseer  
  157  13:21  Zergling x2  
  157  13:22  Zergling x48  
  182  13:42  Zerg Missile Weapons Level 3  
  182  13:56  Spore Crawler, Drone  
  182  14:02  Greater Spire  
  182  14:03  Seismic Spines  
  182  14:04  Hydralisk x6  
  182  14:05  Hydralisk x3  
  200  14:34  Baneling x7  
  200  14:35  Baneling x29  
  200  15:00  Adaptive Talons  
  191  15:27  Corruptor x13  
  199  15:28  Corruptor  
  199  15:34  Hydralisk x5  
  199  15:35  Hydralisk x12  
  186  15:37  Zergling x8  
  172  15:44  Zerg Flyer Weapons Level 1  
  169  16:03  Hydralisk x9  
  169  16:04  Hydralisk  
  176  16:15  Spore Crawler  
  176  16:16  Spore Crawler x2  
  176  16:17  Spore Crawler  
  176  16:18  Spore Crawler x4  
  156  16:19  Spore Crawler x2  
  156  16:20  Spore Crawler  
  130  16:57  Brood Lord x4  
  130  17:00  Zergling x40  
  130  17:01  Zergling x4  
  160  17:16  Unknown  
  157  17:32  Zergling x20  
  133  18:18  Hydralisk x10  
  139  18:33  Drone x3  
  137  18:35  Drone x2  
Tags
 
Add a new tag
Caveats
  • Supply blocks, unpowered buildings, or Contaminate may cause inaccurate times.
  • Supply counts are checked every 10 seconds.